 Dungeon Crawl Stone Soup version 0.23.2-1-ga50397a (webtiles) character file.

Game seed: 11859217855024010736

108039 myga the Stickfighter (level 17, -14/225 HPs)
             Began as a Formicid Fighter on Apr 16, 2019.
             Was the Champion of Okawaru.
             Demolished by an alligator snapping turtle (53 damage)
             ... on level 2 of the Shoals on Apr 17, 2019.
             The game lasted 02:38:42 (23135 turns).

myga the Stickfighter (Formicid Fighter)           Turns: 23135, Time: 02:38:43

Health: -14/225    AC: 33    Str: 21    XL:     17   Next: 3%
Magic:  14/20      EV:  2    Int: 10    God:    Okawaru [******]
Gold:   1427       SH: 23    Dex: 13    Spells: 16/16 levels left

rFire    + . .     SeeInvis +   C - +9 lajatang "Sainivv Joyll" {slice, rF+ SInv Stlth-}
rCold    . . .     Gourm    .   g - +2 large shield {AC+3}
rNeg     + + +     Faith    .   (armour currently unavailable)
rPois    +         Spirit   .   (helmet unavailable)
rElec    .         Reflect  .   (cloak currently unavailable)
rCorr    .         Harm     .   (gloves currently unavailable)
MR       +....                  (boots currently unavailable)
Stlth    +++.......             e - amulet of Vitality {Regen+ HP+15}
HPRegen  0.87/turn              u - +4 ring of evasion
MPRegen  0.17/turn              Z - +2 ring of protection

@: lethally poisoned (-14 -> -65), tree-form, heroism
A: permanent stasis, dig shafts and tunnels, four strong arms, clumsy 1, no
potion heal 1
a: Heroism, Finesse, Renounce Religion


You were on level 2 of the Shoals.
You worshipped Okawaru.
Okawaru was exalted by your worship.
You were not hungry.
You were a tree.
You visited 4 branches of the dungeon, and saw 20 of its levels.
You visited the Abyss 1 time.
You also visited: Ice Cave.

You collected 1427 gold pieces.

Inventory:

Hand Weapons
 C - the +9 lajatang "Sainivv Joyll" (weapon) {slice, rF+ SInv Stlth-}
   (You acquired it on level 4 of the Lair of Beasts)

   It inflicts extra damage upon your enemies.
   It protects you from fire.
   It lets you see invisible.
   It makes you less stealthy.
 G - a +2 lajatang of protection
Missiles
 a - 4 javelins of returning (quivered)
 t - a javelin of penetration
 H - 3 javelins
 O - 2 poisoned tomahawks
 Q - 8 poisoned javelins
 S - 5 steel javelins
 T - 4 steel tomahawks
 U - 2 silver javelins
Armour
 g - a +2 large shield of protection (worn)
 K - a +4 plate armour of cold resistance (melded)
 M - a +2 cloak (melded)
 N - the +1 pair of gloves "Voufarowea" (melded) {*Contam +Blink rPois rN++}
   (You found it in an ice cave)

   It protects you from poison.
   It greatly protects you from negative energy.
   It lets you blink.
   It causes magical contamination when unequipped.
 P - a +2 pair of boots (melded)
Jewellery
 e - the amulet of Vitality (around neck) {Regen+ HP+15}
   (You found it on level 6 of the Lair of Beasts)

   [amulet of regeneration]

   It affects your health (+15).
   It increases your rate of regeneration.
 o - an uncursed ring of flight
 q - an uncursed ring of protection from cold
 u - a +4 ring of evasion (left branch)
 B - an uncursed ring of resist corrosion
 D - an uncursed ring of positive energy
 R - a +2 amulet of reflection
 Z - a +2 ring of protection (right branch)
Wands
 l - a wand of iceblast (12)
 n - a wand of polymorph (16)
 p - a wand of acid (20)
 x - a wand of scattershot (5)
 E - a wand of enslavement (24)
 L - a wand of clouds (9)
 V - a wand of paralysis (21)
 W - a wand of flame (21)
Scrolls
 h - 10 scrolls of remove curse
 j - 4 scrolls of magic mapping
 k - 3 scrolls of fear
 w - 4 scrolls of fog
 y - 3 scrolls of enchant weapon
 A - 3 scrolls of amnesia
 I - 9 scrolls of identify
Potions
 b - 3 potions of lignification
 d - 3 potions of might
 m - 9 potions of curing
 s - 2 potions of mutation
 v - a potion of cancellation
 z - 2 potions of heal wounds
 F - 3 potions of agility
 J - a potion of ambrosia
 X - a potion of invisibility
 Y - 2 potions of magic
Miscellaneous
 r - 2 sacks of spiders
Comestibles
 c - 4 chunks of flesh
 f - 38 rations


   Skills:
 + Level 12.8(17.8) Fighting
   Level 1.7(15.6) Maces & Flails
 + Level 15.6(20.6) Staves
 + Level 14.5(19.5) Throwing
 + Level 10.5(15.5) Armour
 + Level 4.3(9.3) Dodging
 + Level 4.8(9.8) Stealth
 + Level 12.5(17.5) Shields
 + Level 4.8 Invocations
 + Level 0.4 Evocations


You had 16 spell levels left.
You didn't know any spells.
Your spell library contained the following spells:

 Spells                   Type           Power        Failure   Level  Hunger
 Confusing Touch          Hex            #.....       36%         1    ##.....
 Corona                   Hex            #......      36%         1    ##.....
 Shock                    Conj/Air       #...         36%         1    ##.....
 Summon Butterflies       Summ           #.......     36%         1    ##.....
 Ensorcelled Hibernation  Hex/Ice        #.....       50%         2    ###....
 Shroud of Golubria       Chrm/Tloc      #.........   50%         2    ###....
 Swiftness                Chrm/Air       #.......     50%         2    ###....
 Call Canine Familiar     Summ           #.......     75%         3    ####...
 Confuse                  Hex            #.......     75%         3    ####...
 Dazzling Spray           Conj/Hex       #.....       75%         3    ####...
 Gell's Gravitas          Tloc           #.........   75%         3    ####...
 Ignite Poison            Fire/Tmut/Pois #.......     75%         3    ####...
 Lesser Beckoning         Tloc           #.........   75%         3    ####...
 Recall                   Summ/Tloc      N/A          75%         3    ####...
 Static Discharge         Conj/Air       #.......     75%         3    ####...
 Teleport Other           Tloc           #.......     75%         3    ####...
 Tukima's Dance           Hex            #.......     75%         3    ####...
 Airstrike                Air            #.........   98%         4    #####..
 Animate Dead             Necr           N/A          98%         4    #####..
 Passage of Golubria      Tloc           N/A          98%         4    #####..
 Petrify                  Tmut/Erth      #.......     98%         4    #####..
 Summon Ice Beast         Ice/Summ       #.......     98%         4    #####..
 Borgnjor's Vile Clutch   Necr/Erth      #.........   100%        5    ######.
 Fireball                 Conj/Fire      #.........   100%        5    ######.
 Lightning Bolt           Conj/Air       #.........   100%        5    ######.
 Metabolic Englaciation   Hex/Ice        #.........   100%        5    ######.
 Summon Mana Viper        Hex/Summ       #.......     100%        5    ######.
 Yara's Violent Unravell  Hex/Tmut       #.........   100%        5    ######.
 Bolt of Fire             Conj/Fire      #.........   100%        6    #######
 Death Channel            Necr           #.........   100%        6    #######
 Simulacrum               Ice/Necr       #.........   100%        6    #######
 Ring of Flames           Chrm/Fire      #.........   100%        7    #######
 Summon Hydra             Summ           #.........   100%        7    #######
 Ignition                 Fire           #.........   100%        8    #######
 Blink                    Tloc           Unusable     N/A         2    N/A

Dungeon Overview and Level Annotations

Branches:
Dungeon (11/15)            Temple (1/1) D:5            Lair (6/6) D:11
 Shoals (2/4) Lair:3        Snake (0/4) Lair:3        Slime (0/5) Lair:6
    Orc (0/2) D:11

Altars:
Ashenzari
Cheibriados
Dithmenos
Elyvilon
Fedhas
Gozag
Hepliaklqana
Kikubaaqudgha
Makhleb
Nemelex Xobeh
Okawaru
Qazlal
Ru
Sif Muna
Trog
Uskayaw
Vehumet
Wu Jian
Xom
Yredelemnul
Zin
The Shining One
Jiyva

Shops:
D:10 =   Shoals:1 ?%}   Shoals:2 (

Annotations:
Shoals:2 1 transporter, Curus's ghost, adept MfBe


Innate Abilities, Weirdness & Mutations

You cannot be hasted, slowed, berserked, paralysed or teleported.
You can dig through walls and to a lower floor.
Your four strong arms can wield two-handed weapons with a shield.
((You have a pair of large antennae on your head. (SInv)))
You are clumsy. (Dex -2)
Potions are less effective at restoring your health.


Message History

You feel very sick. You block the hippogriff's attack.
The hippogriff pecks you but does no damage.
You block the hippogriff's attack.
The alligator snapping turtle bites you!!
* * * LOW HITPOINT WARNING * * *
The sea snake bites you.
* * * LOW HITPOINT WARNING * * *
You are lethally poisoned!
The sea snake poisons you! Curus's ghost hits you.
* * * LOW HITPOINT WARNING * * *
Your system partially rejects the healing.
You feel much better.
* * * LOW HITPOINT WARNING * * *
You feel very sick. You block the hippogriff's attack. x2
The hippogriff claws you but does no damage.
The sea snake bites you but does no damage.
The alligator snapping turtle bites you!!!
You die...

≈≈≈≈≈.≈≈≈≈.............≈≈≈≈≈≈≈≈≈≈
≈≈≈≈≈≈≈≈≈≈...(..........≈≈≈≈≈≈≈≈≈
≈≈≈≈≈≈≈≈≈.≈...........[.≈≈≈≈≈≈≈≈≈
≈≈≈≈≈≈≈≈≈≈..#............≈≈≈≈≈≈≈≈
≈≈.≈≈≈≈≈≈≈................≈≈≈≈≈≈≈
.≈.≈≈≈≈≈≈≈...≈............≈≈≈≈≈≈≈
..≈≈≈≈≈≈≈≈≈.....####©###..≈≈≈≈≈≈≈
..≈≈≈≈≈≈≈≈≈.#####S.###.##.≈≈≈≈≈≈≈
..≈≈≈≈≈≈≈...#©yH♣#......##≈≈≈≈≈≈≈
.≈≈≈≈≈≈≈≈..##..t#WH.#....#.≈≈≈≈≈≈
.≈.≈≈≈≈.≈..#......#..##..#.≈≈≈≈≈≈
≈≈.≈≈≈≈≈≈≈≈#..##..©..#...#≈≈≈≈≈≈≈
≈≈...≈..≈≈≈#.....#.....#.##≈≈≈≈≈≈
<≈......≈≈.##.##..=###....#≈≈≈≈≈≈
≈........≈..#...H/!!S$#..##.≈≈≈≈≈
≈≈...≈≈.....##..##### .###≈.≈≈≈≈≈
≈≈≈.≈≈≈......####.©.####..≈≈≈≈≈≈≈


You could see an alligator snapping turtle (berserk), a sea snake (berserk), a
manticore, a moth of wrath, a hippogriff (berserk) and Curus's ghost.

Vanquished Creatures
  A profane servitor (Abyss:4)
  2 bone dragons
  Rupert (Lair:6)
  2 tentacled starspawn (Abyss:3)
  A cacodemon (Abyss:3)
  A draconian shifter (Abyss:4)
  Louise (Shoals:2)
  A reaper (Abyss:3)
  A starcursed mass (Abyss:3)
  2 blizzard demons (IceCv)
  Josephine (D:10)
  2 merfolk impalers
  7 hydras
  A merfolk avatar (Shoals:2)
  Erolcha (D:9)
  Erica (D:8)
  A merfolk aquamancer (Shoals:1)
  A two-headed ogre (D:8)
  A dancing weapon (Shoals:2)
  3 death yaks (Lair:6)
  Urug (D:11)
  6 thrashing horrors (Abyss:3)
  3 wretched stars
  A shadow wraith (Abyss:4)
  2 sixfirhies (Abyss:3)
  6 sea snakes
  5 harpies
  A deep elf mage (D:8)
  An oklob plant (Lair:4)
  2 fauns (Shoals:1)
  A moth of wrath (Shoals:2)
  3 manticores
  2 worldbinders (Abyss:3)
  A cyclops (Shoals:2)
  2 water nymphs
  4 merfolk sirens
  5 elephants (Lair:4)
  A black mamba (Lair:5)
  An apocalypse crab (Abyss:3)
  Joseph (D:8)
  A smoke demon (Abyss:3)
  A torpor snail (Lair:6)
  6 spiny frogs
  4 anaconda simulacra (IceCv)
  3 efreet
  5 freezing wraiths (IceCv)
  6 komodo dragons
  A kobold demonologist (Abyss:3)
  3 rime drakes
  8 ice devils
  2 demonic crawlers (Abyss:4)
  A golden dragon simulacrum (IceCv)
  A troll (D:9)
  An ancient zyme (Abyss:4)
  3 polar bears (Lair:6)
  A wolf spider simulacrum (IceCv)
  Prince Ribbit (D:8)
  5 hornets (Lair:6)
  8 merfolk
  6 wind drakes
  5 raiju
  7 snapping turtles
  18 blink frogs
  14 hippogriffs
  An air elemental (Abyss:3)
  10 dream sheep
  15 spriggans
  A ynoxinul (Abyss:3)
  36 yaks
  4 water elementals
  2 dire elephant simulacra (IceCv)
  5 wraiths
  A wyvern (D:11)
  A basilisk (Lair:1)
  2 neqoxecs (Abyss:3)
  2 steam dragons (Shoals:2)
  5 hungry ghosts
  A chaos spawn (Abyss:4)
  Menkaure (D:5)
  A harpy simulacrum (IceCv)
  5 insubstantial wisps (Abyss:4)
  11 large abominations
  3 nagas (Lair:3)
  An iron troll simulacrum (IceCv)
  9 water moccasins
  6 orc warriors
  5 hydra simulacra (IceCv)
  3 porcupines
  7 black bears
  6 phantoms
  An alligator simulacrum (IceCv)
  2 ice beasts
  An ettin simulacrum (IceCv)
  10 ogres
  4 sky beasts
  3 boggarts (Lair:6)
  6 centaurs
  3 eyes of draining
  14 wolves (Lair:6)
  12 crocodiles
  A big kobold (D:10)
  Blork the orc (D:5)
  18 bullfrogs
  A gnoll sergeant (D:9)
  6 small abominations
  A wyvern zombie (D:6)
  A wyvern skeleton (D:8)
  3 scorpions
  9 killer bees
  4 wights (D:6)
  2 troll zombies (D:11)
  8 electric eels
  6 crimson imps
  A draconian simulacrum (IceCv)
  2 quasits (Abyss:3)
  A centaur zombie (D:8)
  7 jellies
  A bullfrog zombie (D:9)
  6 orc priests
  5 hounds
  15 orc wizards
  An iron imp (Abyss:3)
  Jessica (D:2)
  2 centaur skeletons
  6 iguanas
  11 worker ants
  3 spriggan simulacra (IceCv)
  4 troll simulacra (IceCv)
  A wolf simulacrum (IceCv)
  4 ogre zombies (D:11)
  3 hound zombies
  A hound skeleton (D:10)
  2 worker ant zombies (D:6)
  Robin (D:3)
  A howler monkey skeleton (D:5)
  4 gnolls (D:9)
  An ogre simulacrum (IceCv)
  10 adders
  A naga simulacrum (IceCv)
  3 shadow imps
  8 white imps
  7 ufetubi
  An ooze (D:7)
  3 adder skeletons
  An adder zombie (D:8)
  2 worms (D:3)
  A dart slug (D:4)
  4 leopard geckos
  38 orcs
  2 ball pythons
  18 giant cockroaches
  10 goblins
  17 hobgoblins
  6 jackals
  14 kobolds
  4 quokkas
  4 bats
  A frilled lizard (D:1)
  3 goblin zombies (D:11)
  2 hobgoblin skeletons (D:11)
  A hobgoblin zombie (D:11)
  4 orc skeletons (D:11)
  9 orc zombies (D:11)
  A quokka skeleton (D:9)
  2 quokka zombies
  7 rats
  A fungus (Lair:6)
  5 plants
727 creatures vanquished.

Vanquished Creatures (others)
  A small abomination (Abyss:4)
  2 plants (Shoals:1)
  4 starspawn tentacles (Abyss:3)
7 creatures vanquished.

Grand Total: 734 creatures vanquished

Notes
Turn   | Place    | Note
-------+----------+-------------------------------------------
     0 | D:1      | myga the Formicid Fighter began the quest for the Orb.
     0 | D:1      | Reached XP level 1. HP: 18/18 MP: 1/1
   127 | D:1      | Reached XP level 2. HP: 19/24 MP: 2/2
   315 | D:1      | Reached XP level 3. HP: 28/30 MP: 3/3
  1430 | D:2      | Noticed Jessica
  1433 | D:2      | Killed Jessica
  1433 | D:2      | Reached XP level 4. HP: 37/37 MP: 4/4
  1669 | D:2      | Reached skill level 3 in Staves
  1744 | D:2      | Noticed a bullfrog
  1751 | D:2      | Killed a bullfrog
  1751 | D:2      | Reached XP level 5. HP: 41/43 MP: 5/5
  2204 | D:3      | Noticed Robin
  2247 | D:3      | Killed Robin
  2247 | D:3      | Reached XP level 6. HP: 32/49 MP: 6/6
  2383 | D:3      | Reached skill level 4 in Staves
  2858 | D:4      | Reached skill level 5 in Shields
  3587 | D:5      | Entered Level 5 of the Dungeon
  3638 | D:5      | Reached XP level 7. HP: 55/55 MP: 7/7
  3691 | D:5      | Reached skill level 5 in Staves
  3815 | D:5      | Reached skill level 1 in Throwing
  3815 | D:5      | Reached XP level 8. HP: 47/61 MP: 8/8
  3824 | D:5      | Reached skill level 6 in Staves
  3876 | D:5      | Reached skill level 5 in Fighting
  4087 | D:5      | Reached skill level 5 in Armour
  4140 | D:5      | Found a staircase to the Ecumenical Temple.
  4143 | D:5      | Noticed Menkaure
  4149 | Temple   | Entered the Ecumenical Temple
  4177 | Temple   | Became a worshipper of Warmaster Okawaru
  4414 | D:5      | Killed Menkaure
  4576 | D:5      | Reached skill level 1 in Stealth
  4595 | D:5      | Reached * piety under Okawaru
  4686 | D:5      | Got a fine scale mail
  4697 | D:5      | Identified the +2 scale mail "Kuzxe" {rElec Str-2 Slay+6}
                  | (You found it on level 5 of the Dungeon)
  4739 | D:5      | Noticed Blork the orc
  4751 | D:5      | Killed Blork the orc
  4751 | D:5      | Reached skill level 1 in Dodging
  4835 | D:5      | Reached skill level 7 in Staves
  4835 | D:5      | Reached XP level 9. HP: 68/68 MP: 9/9
  5293 | D:5      | Reached skill level 8 in Staves
  5449 | D:6      | Reached ** piety under Okawaru
  5617 | D:6      | Found an opulent altar of Gozag.
  5666 | D:6      | Got a shimmering ring mail
  5677 | D:6      | Identified the +1 ring mail of Vehumet's Outrage {rPois
                  | Str+5 SInv} (You found it on level 6 of the Dungeon)
  6358 | D:7      | Reached skill level 9 in Staves
  6358 | D:7      | Reached XP level 10. HP: 75/77 MP: 10/10
  6451 | D:7      | Reached *** piety under Okawaru
  6699 | D:7      | Identified the +6 whip "Guacet" {drain, rC+}
  6851 | D:7      | Received a gift from Okawaru
  6999 | D:7      | Found a sparkling altar of Nemelex Xobeh.
  7214 | D:8      | Noticed Joseph
  7235 | D:8      | Killed Joseph
  7235 | D:8      | Reached **** piety under Okawaru
  7235 | D:8      | Reached skill level 10 in Staves
  7438 | D:8      | Noticed Prince Ribbit
  7466 | D:8      | Killed Prince Ribbit
  7766 | D:8      | Noticed a deep elf mage
  7771 | D:8      | Killed a deep elf mage
  7771 | D:8      | Reached ***** piety under Okawaru
  7771 | D:8      | Reached XP level 11. HP: 72/84 MP: 8/11
  7904 | D:8      | Noticed a two-headed ogre
  7912 | D:8      | Killed a two-headed ogre
  7912 | D:8      | Reached skill level 11 in Staves
  7962 | D:8      | Received a gift from Okawaru
  8019 | D:8      | Noticed Erica
  8027 | D:8      | Reached skill level 5 in Throwing
  8039 | D:8      | Killed Erica
  8771 | D:9      | Noticed Erolcha
  8781 | D:9      | Killed Erolcha
  8781 | D:9      | Reached skill level 1 in Invocations
  9542 | D:10     | Entered Level 10 of the Dungeon
  9552 | D:10     | Reached skill level 1 in Maces & Flails
  9683 | D:10     | Found Qobai's Jewellery Shop.
  9708 | D:10     | Noticed Josephine
  9717 | D:10     | Killed Josephine
  9770 | D:10     | Reached XP level 12. HP: 94/94 MP: 12/12
 10477 | D:11     | Noticed a seven-headed hydra
 10486 | D:11     | Killed a seven-headed hydra
 10486 | D:11     | Received a gift from Okawaru
 10509 | D:11     | Noticed Urug
 10521 | D:11     | Killed Urug
 10776 | D:11     | Found a staircase to the Lair.
 10782 | D:11     | Received a gift from Okawaru
 11012 | D:11     | Reached skill level 12 in Staves
 11017 | D:11     | Found a staircase to the Orcish Mines.
 11260 | D:11     | Found a blossoming altar of Fedhas.
 11546 | D:11     | Noticed a four-headed hydra
 11552 | D:11     | Killed a four-headed hydra
 11552 | D:11     | Received a gift from Okawaru
 12023 | Lair:1   | Entered Level 1 of the Lair of Beasts
 12091 | Lair:1   | Reached ****** piety under Okawaru
 12091 | Lair:1   | Received a gift from Okawaru
 12190 | Lair:1   | Reached XP level 13. HP: 101/101 MP: 14/14
 12383 | Lair:1   | Received a gift from Okawaru
 12386 | Lair:1   | Noticed a seven-headed hydra
 12395 | Lair:1   | Killed a seven-headed hydra
 12395 | Lair:1   | Reached skill level 10 in Shields
 12974 | Lair:2   | Reached skill level 10 in Throwing
 13282 | Lair:2   | Reached skill level 13 in Staves
 13972 | Lair:3   | Found a staircase to the Shoals.
 14100 | Lair:3   | Found a staircase to the Snake Pit.
 14341 | Lair:3   | Received a gift from Okawaru
 14744 | Lair:3   | Noticed a five-headed hydra
 14752 | Lair:3   | Killed a five-headed hydra
 15223 | Lair:4   | Identified a scroll of acquirement
 15602 | Lair:4   | Received a gift from Okawaru
 15655 | Lair:4   | Received a gift from Okawaru
 15948 | Lair:4   | Got a jewelled lajatang
 15950 | Lair:4   | Identified the +9 lajatang "Sainivv Joyll" {slice, rF+ SInv
                  | Stlth-} (You acquired it on level 4 of the Lair of Beasts)
 15987 | Lair:5   | Found a gate leading to a gauntlet.
 16003 | Lair:5   | Reached XP level 14. HP: 89/109 MP: 15/15
 16111 | Lair:5   | Reached skill level 10 in Fighting
 16223 | Lair:5   | Received a gift from Okawaru
 16751 | Lair:6   | Entered Level 6 of the Lair of Beasts
 16773 | Lair:6   | Noticed Rupert
 16785 | Lair:6   | Killed Rupert
 16785 | Lair:6   | Received a gift from Okawaru
 16802 | Lair:6   | Got a fine quarterstaff {god gift}
 16806 | Lair:6   | Identified the +1 quarterstaff "Jasuerum" {vamp, rN+}
                  | (Okawaru gifted it to you on level 6 of the Lair of Beasts)
 17047 | Lair:6   | Reached skill level 14 in Staves
 17086 | Lair:6   | Found a viscous altar of Jiyva.
 17086 | Lair:6   | Found a staircase to the Slime Pits.
 17317 | Lair:6   | Received a gift from Okawaru
 17490 | Lair:6   | Found the amulet of Vitality {Regen+ HP+15}
 18870 | Shoals:1 | Entered Level 1 of the Shoals
 18958 | Shoals:1 | Found Huosoaps's Food Shoppe.
 18992 | Shoals:1 | Reached XP level 15. HP: 117/117 MP: 15/17
 19028 | Shoals:1 | Found a frozen archway.
 19077 | IceCv    | Entered an ice cave
 19169 | IceCv    | Received a gift from Okawaru
 19583 | IceCv    | Got a pair of crude gloves
 19589 | IceCv    | Identified the +1 pair of gloves "Voufarowea" {*Contam
                  | +Blink rPois rN++} (You found it in an ice cave)
 20438 | Shoals:1 | Found Kuqypt's Gadget Shoppe.
 20693 | Shoals:1 | Found Pagru's Magic Scroll Shoppe.
 21180 | Shoals:2 | Found Itautroe's Weapon Shoppe.
 21689 | Shoals:2 | Found a transporter.
 21695 | Shoals:2 | Noticed Curus's ghost (adept MfBe)
 21708 | Shoals:2 | Found a transporter.
 21727 | Shoals:2 | Reached skill level 15 in Staves
 21731 | Shoals:2 | Noticed Louise
 21733 | Shoals:2 | Cast into level 3 of the Abyss (Louise)
 21793 | Abyss:3  | Received a gift from Okawaru
 21858 | Abyss:3  | Gained mutation: Potions are less effective at restoring
                  | your health. [a neqoxec]
 21882 | Abyss:3  | Noticed a tentacled starspawn
 21890 | Abyss:3  | Killed a tentacled starspawn
 21890 | Abyss:3  | Reached skill level 10 in Armour
 21899 | Abyss:3  | Reached XP level 16. HP: 127/127 MP: 16/18
 21908 | Abyss:3  | Received a gift from Okawaru
 22000 | Abyss:3  | Noticed a tentacled starspawn
 22011 | Abyss:3  | Killed a tentacled starspawn
 22011 | Abyss:3  | Received a gift from Okawaru
 22030 | Abyss:3  | Found a corrupted altar of Lugonu.
 22173 | Abyss:3  | Received a gift from Okawaru
 22250 | Abyss:3  | Received a gift from Okawaru
 22330 | Abyss:3  | Noticed a bone dragon
 22351 | Abyss:3  | Killed a bone dragon
 22351 | Abyss:3  | Received a gift from Okawaru
 22633 | Abyss:4  | Noticed a bone dragon
 22645 | Abyss:4  | Killed a bone dragon
 22645 | Abyss:4  | Received a gift from Okawaru
 22665 | Abyss:4  | Gained mutation: You are clumsy. (Dex -2) [mutagenic glow]
 22715 | Abyss:4  | Noticed a profane servitor
 22732 | Abyss:4  | Killed a profane servitor
 22743 | Shoals:2 | Escaped the Abyss
 22760 | Shoals:2 | Killed Louise
 23097 | Shoals:2 | Reached XP level 17. HP: 134/135 MP: 13/20
 23135 | Shoals:2 | Demolished by an alligator snapping turtle

Skill      XL: |  1  2  3  4  5  6  7  8  9 10 11 12 13 14 15 16 |
---------------+-------------------------------------------------+-----
Shields        | 4 5 6 7 8 9 10 11 12 | 12.5
Staves         | 3 4 5 7 9 10 11 12 13 14 15 | 15.6
Fighting       | 4 5 6 7 8 9 10 12 | 12.8
Armour         | 4 5 6 7 8 9 10 | 10.5
Throwing       | 1 3 4 7 9 10 12 13 14 | 14.5
Stealth        | 1 2 3 4 |  4.8
Dodging        | 1 2 3 4 |  4.3
Invocations    | 1 2 3 4 |  4.8
Maces & Flails | 1 |  1.7
Evocations     | |  0.4

Action                   |  1- 3 |  4- 6 |  7- 9 | 10-12 | 13-15 | 16-18 || total
-------------------------+-------+-------+-------+-------+-------+-------++-------
Melee: Quarterstaff      |   199 |   195 |   300 |   435 |   241 |       ||  1370
       Whip              |       |       |       |    26 |       |       ||    26
       Lajatang          |       |       |       |       |   489 |   244 ||   733
Throw: Stone             |    26 |    51 |    73 |    81 |   150 |       ||   381
       Tomahawk          |       |       |       |   281 |   275 |    75 ||   631
       Javelin           |       |       |       |       |     4 |    56 ||    60
       Throwing net      |       |       |       |       |     1 |       ||     1
Invok: Heroism           |       |       |       |    10 |    18 |    13 ||    41
       Finesse           |       |       |       |       |     2 |     2 ||     4
 Abil: Dig               |       |       |       |       |     7 |       ||     7
Evoke: Wand              |       |       |       |       |     2 |       ||     2
  Use: Scroll            |     3 |     8 |     5 |     3 |    16 |       ||    35
       Potion            |       |       |       |     1 |     4 |     5 ||    10
 Stab: Petrified         |       |       |       |       |       |     4 ||     4
       Distracted        |       |       |       |       |       |     1 ||     1
       Petrifying        |       |       |       |       |       |     1 ||     1
  Eat: Chunk             |     1 |     7 |    10 |    19 |    23 |     2 ||    62
       Ration            |       |       |       |       |     4 |     1 ||     5
Armor: Scale mail        |    49 |    15 |    14 |    55 |    53 |       ||   186
       Chain mail        |       |    28 |    43 |       |    21 |       ||    92
       Ring mail         |       |       |     8 |    16 |       |       ||    24
       Plate armour      |       |       |       |       |    92 |   112 ||   204
       Skin              |       |       |       |       |       |    13 ||    13
Dodge: Dodged            |    30 |    58 |    86 |   163 |   212 |    86 ||   635
Block: Shield            |    63 |    85 |   118 |   193 |   260 |    80 ||   799
       Large shield      |       |       |       |       |       |   100 ||   100
